 Dungeon Crawl Stone Soup version 0.26-b1-32-g5d43845318 (webtiles) character file.

Game seed: 7969053092592172272

665292 Dirian the Conqueror (level 27, -26/241 (245) HPs)
             Began as a Minotaur Fighter on Jan 6, 2021.
             Was the Champion of Makhleb.
             Killed from afar by an ancient lich (49 damage)
             ... with a lance of force
             ... on level 5 of the Realm of Zot.
             The game lasted 02:13:58 (53567 turns).

Dirian the Conqueror (Minotaur Fighter)            Turns: 53567, Time: 02:13:58

HP:   -26/241 (245) AC: 45    Str: 31    XL:     27
MP:   23/23         EV:  4    Int: 14    God:    Makhleb [******]
Gold: 8243          SH:  0    Dex:  9    Spells: 26/26 levels left

rFire    + . .     SeeInvis +   a - +9 broad axe (flame)
rCold    + + .     Faith    .   O - +7 tower shield
rNeg     + . .     Spirit   .   U - +9 scales of the Dragon King {rPois rF+ rC+ Will+}
rPois    +         Reflect  .   Y - +3 crown of Dyrovepreva {rElec Int+2 SInv}
rElec    +         Harm     .   D - +2 cloak
rCorr    .         Rampage  .   y - +1 pair of gloves
Will     ++++.     Rnd*Tele +   P - +1 pair of boots
Stlth    ..........             K - amulet "Amezacw" {+Fly rC+ Regen+ Int+4}
HPRegen  0.00/turn              E - ring "Horche Seobb" {+Fly rElec rF+ rN+}
MPRegen  0.18/turn              N - ring "Solyd" {Will+ Int+5}

@: about to teleport, fire vulnerable, berserk cooldown, held, slowed, studying
Ice Magic, lightly drained, very slow
A: retaliatory headbutt, horns 2, blurry vision 3, dopey 1, frail 1, low mp 3,
screaming 3, inhibited regeneration, teleportitis 1, weak 2
}: 3/15 runes: decaying, silver, gossamer
a: Renounce Religion, Evoke Flight, Minor Destruction, Lesser Servant of
Makhleb, Major Destruction, Greater Servant of Makhleb


You were on level 5 of the Realm of Zot.
You worshipped Makhleb.
Makhleb was exalted by your worship.
You visited 10 branches of the dungeon, and saw 50 of its levels.
You visited the Abyss 1 time.
You also visited: Bailey, Ice Cave and Volcano.

You collected 10852 gold pieces.
You spent 2609 gold pieces at shops.

Inventory:

Hand Weapons
 a - a +9 broad axe of flaming (weapon)
 b - a +7 vorpal broad axe
Armour
 y - a +1 pair of gloves (worn)
 D - a +2 cloak (worn)
 O - a +7 tower shield (worn)
 P - a +1 pair of boots (worn)
 U - the +9 scales of the Dragon King (worn) {rPois rF+ rC+ Will+}
   (You found it on level 3 of the Elven Halls)

   It protects you from fire.
   It protects you from cold.
   It protects you from poison.
   It affects your willpower, your defense against some magical effects.
 Y - the +3 crown of Dyrovepreva (worn) {rElec Int+2 SInv}
   (You found it on level 3 of the Elven Halls)

   It affects your intelligence (+2).
   It insulates you from electricity.
   It lets you see invisible.
Jewellery
 E - the ring "Horche Seobb" (left hand) {+Fly rElec rF+ rN+}
   (You found it on level 3 of the Elven Halls)

   [ring of positive energy]

   It protects you from fire.
   It insulates you from electricity.
   It protects you from negative energy.
   It lets you fly.
 K - the amulet "Amezacw" (around neck) {+Fly rC+ Regen+ Int+4}
   (You found it on level 13 of the Dungeon)

   [amulet of regeneration]

   It affects your intelligence (+4).
   It protects you from cold.
   It lets you fly.
   It increases your rate of regeneration.
 N - the ring "Solyd" (right hand) {Will+ Int+5}
   (You took it off a deep elf demonologist on level 3 of the Elven Halls)

   [ring of willpower]

   It affects your intelligence (+5).
   It affects your willpower, your defense against some magical effects.
 Q - an uncursed ring of protection from fire
 W - the ring of Cergh {Str+6 Dex+2}
   (You found it on level 1 of the Vaults)

   [ring of strength]

   It affects your strength (+6).
   It affects your dexterity (+2).
 X - an uncursed ring of resist corrosion
Wands
 c - a wand of enslavement (13)
 e - a wand of disintegration (40)
 m - a wand of polymorph (9)
 p - a wand of acid (33)
 v - a wand of digging (14)
 C - a wand of paralysis (61)
 S - a wand of iceblast (60)
 V - a wand of flame (22)
Scrolls
 g - 13 scrolls of immolation
 r - 36 scrolls of identify
 t - 30 scrolls of teleportation
 x - 36 scrolls of remove curse
 z - 9 scrolls of blinking
 F - a scroll of acquirement
 L - 5 scrolls of silence
 M - 7 scrolls of magic mapping
Potions
 d - 7 potions of might
 f - 9 potions of flight
 h - 10 potions of haste
 i - 11 potions of lignification
 j - 9 potions of invisibility
 n - 2 potions of resistance
 o - 8 potions of attraction
 q - 19 potions of curing
 s - 7 potions of magic
 w - 12 potions of heal wounds
 G - 3 potions of cancellation
 H - 5 potions of mutation
 R - 8 potions of ambrosia
 Z - a potion of berserk rage
Books
 k - a manual of Ice Magic
Miscellaneous
 l - a condenser vane
 A - a phantom mirror
 B - a box of beasts
 I - a tin of tremorstones (2/2)
 J - a phantom mirror
 T - a phial of floods


   Skills:
 O Level 27 Fighting
 - Level 6.0 Long Blades
 O Level 27 Axes
 + Level 21.8 Armour
 + Level 26.4 Shields
 - Level 15.1 Invocations
 - Level 15.0 Evocations


You had 26 spell levels left.
You didn't know any spells.
Your spell library contained the following spells:

 Spells                   Type           Power        Failure   Level
 Animate Skeleton         Necr           0%           92%         1
 Apportation              Tloc           0%           92%         1
 Beastly Appendage        Tmut           0%           92%         1
 Corona                   Hex            0%           92%         1
 Foxfire                  Conj/Fire      0%           92%         1
 Freeze                   Ice            0%           92%         1
 Magic Dart               Conj           0%           92%         1
 Pain                     Necr           0%           92%         1
 Shock                    Conj/Air       0%           92%         1
 Sting                    Tmut/Pois      0%           92%         1
 Summon Small Mammal      Summ           0%           92%         1
 Blink                    Tloc           N/A          98%         2
 Call Imp                 Summ           0%           98%         2
 Corpse Rot               Necr/Air       N/A          98%         2
 Ensorcelled Hibernation  Hex/Ice        0%           98%         2
 Poisonous Vapours        Pois/Air       0%           98%         2
 Slow                     Hex            0%           98%         2
 Sublimation of Blood     Necr           0%           98%         2
 Swiftness                Air            0%           98%         2
 Wereblood                Tmut           0%           98%         2
 Call Canine Familiar     Summ           0%           100%        3
 Confusing Touch          Hex            0%           100%        3
 Conjure Flame            Conj/Fire      0%           100%        3
 Dazzling Flash           Conj/Hex       0%           100%        3
 Frozen Ramparts          Ice            0%           100%        3
 Gell's Gravitas          Tloc           0%           100%        3
 Ignite Poison            Fire/Tmut/Pois 0%           100%        3
 Inner Flame              Hex/Fire       0%           100%        3
 Lesser Beckoning         Tloc           0%           100%        3
 Mephitic Cloud           Conj/Pois/Air  0%           100%        3
 Ozocubu's Armour         Ice            0%           100%        3
 Portal Projectile        Hex/Tloc       0%           100%        3
 Spider Form              Tmut/Pois      0%           100%        3
 Static Discharge         Conj/Air       0%           100%        3
 Stone Arrow              Conj/Erth      0%           100%        3
 Summon Guardian Golem    Hex/Summ       0%           100%        3
 Tukima's Dance           Hex            0%           100%        3
 Vampiric Draining        Necr           0%           100%        3
 Airstrike                Air            0%           100%        4
 Animate Dead             Necr           0%           100%        4
 Cause Fear               Hex            0%           100%        4
 Dispel Undead            Necr           0%           100%        4
 Hailstorm                Conj/Ice       0%           100%        4
 Ice Form                 Ice/Tmut       0%           100%        4
 Leda's Liquefaction      Hex/Erth       0%           100%        4
 Olgreb's Toxic Radiance  Pois           0%           100%        4
 Petrify                  Tmut/Erth      0%           100%        4
 Sticky Flame             Conj/Fire      0%           100%        4
 Summon Ice Beast         Ice/Summ       0%           100%        4
 Summon Lightning Spire   Summ/Air       0%           100%        4
 Agony                    Necr           0%           100%        5
 Alistair's Intoxication  Tmut/Pois      0%           100%        5
 Blade Hands              Tmut           0%           100%        5
 Bolt of Magma            Conj/Fire/Erth 0%           100%        5
 Excruciating Wounds      Necr           0%           100%        5
 Fireball                 Conj/Fire      0%           100%        5
 Iskenderun's Battlesphe  Conj           0%           100%        5
 Lightning Bolt           Conj/Air       0%           100%        5
 Metabolic Englaciation   Hex/Ice        0%           100%        5
 Silence                  Hex/Air        0%           100%        5
 Summon Demon             Summ           0%           100%        5
 Summon Forest            Summ/Tloc      0%           100%        5
 Summon Mana Viper        Hex/Summ       0%           100%        5
 Yara's Violent Unravell  Hex/Tmut       0%           100%        5
 Conjure Ball Lightning   Conj/Air       0%           100%        6
 Dispersal                Tloc           0%           100%        6
 Eringya's Noxious Bog    Tmut/Pois      0%           100%        6
 Hydra Form               Tmut           0%           100%        6
 Invisibility             Hex            0%           100%        6
 Iron Shot                Conj/Erth      0%           100%        6
 Shadow Creatures         Summ           N/A          100%        6
 Starburst                Conj/Fire      0%           100%        6
 Haunt                    Necr/Summ      0%           100%        7
 Orb of Destruction       Conj           0%           100%        7
 Spellforged Servitor     Conj/Summ      0%           100%        7
 Summon Hydra             Summ           0%           100%        7
 Borgnjor's Revivificati  Necr           0%           100%        8
 Discord                  Hex            0%           100%        8
 Disjunction              Tloc           0%           100%        8
 Ignition                 Fire           0%           100%        8
 Infestation              Necr           0%           100%        8
 Necromutation            Tmut/Necr      0%           100%        8
 Death's Door             Necr           0%           100%        9
 Tornado                  Air            0%           100%        9


Dungeon Overview and Level Annotations

Branches:
Dungeon (15/15)            Temple (1/1) D:5            Lair (6/6) D:10
  Swamp (4/4) Lair:2       Spider (4/4) Lair:4        Slime (0/5) Lair:6
    Orc (2/2) D:12            Elf (3/3) Orc:2        Vaults (5/5) D:13
  Crypt (0/3) Vaults:2     Depths (5/5) D:15            Zot (5/5) Depths:5
 Bailey (visited)           IceCv (visited)         Volcano (visited)

Altars:
Ashenzari
Cheibriados
Dithmenos
Elyvilon
Fedhas
Gozag
Hepliaklqana
Kikubaaqudgha
Makhleb
Nemelex Xobeh
Okawaru
Qazlal
Ru
Sif Muna
Trog
Uskayaw
Vehumet
Wu Jian
Xom
Yredelemnul
Zin
The Shining One
Beogh
Lugonu

Shops:
D:5 :   Orc:2 !?*[   Elf:3 ((=   Vaults:2 [   Vaults:3 ?   Vaults:4 *
Depths:1 }==

Portals:
Hell: Depths:1 Depths:2 Depths:3 Depths:4 Depths:5
Abyss: Depths:1 Depths:4
Pandemonium: Depths:3
Ziggurat: Depths:3
Trove: D:15 (give horn of Geryon)

Annotations:
D:13 2 transporters, Ined's ghost, journeyman MiBe
Depths:2 1 runed translucent door


Innate Abilities, Weirdness & Mutations

You reflexively headbutt those who attack you in melee.
You have a pair of horns on your head.
Scrolls take you much longer to read.
You are dopey. (Int -2)
You are frail. (-10% HP)
Your magical capacity is extremely low. (-30% MP)
You frequently scream uncontrollably at your foes.
You do not regenerate when monsters are visible.
You are occasionally teleported next to monsters.
You are very weak. (Str -4)


Message History

You struggle against the net.
You feel your anger nearly subside.
You are no longer berserk.
You are exhausted.
You feel yourself slow down.
The ancient lich casts a spell at itself.
The ancient lich flickers and vanishes for a moment.
You struggle against the net.
The Killer Klown teases you but does no damage.
The orb of fire emits a lurid red light.
The bolt of fire hits you!! You resist.
* * * LOW HITPOINT WARNING * * *
The yellow draconian annihilator mumbles some strange words.
The yellow draconian annihilator blinks!
The Killer Klown blinks!
The ancient lich touches you!
* * * LOW HITPOINT WARNING * * *
You partially resist.
You feel drained.
* * * LOW HITPOINT WARNING * * *
The ancient lich gestures at you while chanting.
The lance of force hits you!!!
You die...

..## #....................#
..# #...................^#
..## #[................)^.#
..^# #................^..^#
...## #...^.........^......#
....###....................#
##...###...p....XD........##
##....##.....§§*LX......##
###...^.^.dd.L@**z....##
#▓▓▓▓▓▓▓▓▓▓▓##p°...▓▓
****......X*X.p....▓▓
***,,,................▓*
**,,,,,......L..).......▓* *
*^^,,,,......*.†.........*
***,,,,,,...X..............*
,**^,,,,,...p.p........?..▓*
^,*,,,,,,.z.§.....^......▓▓


You could see 3 orbs of fire, 3 Killer Klowns, a shadow dragon (berserk), 2
ancient liches, 2 draconians, a curse toe and 2 Orb Guardians.

Vanquished Creatures
  8 ancient liches
  5 orbs of fire
  A juggernaut (Depths:2)
  Bai Suzhen (Elf:3)
  Xtahua (Vaults:5)
  2 Killer Klowns
  5 caustic shrikes (Depths:5)
  4 curse toes
  8 golden dragons
  2 bone dragons
  Arachne (Spider:3)
  3 electric golems
  Jorgrun (Swamp:3)
  The ghost of Gerad the Fencer, a veteran VSAK of Lugonu (Elf:1)
  13 tentacled monstrosities
  22 Orb Guardians (Zot:5)
  9 liches
  7 quicksilver dragons
  5 titans
  2 deep elf blademasters (Elf:3)
  2 deep elf master archers (Elf:3)
  4 tentacled starspawn (Abyss:4)
  3 death cobs
  Kirke (D:13)
  7 tengu reavers
  5 sphinxes
  12 storm dragons
  A thorn hunter (Swamp:4)
  A revenant (Vaults:2)
  13 shadow dragons
  3 draconian monks (Zot:4)
  5 draconian scorchers
  10 fire giants
  Aizul (Swamp:2)
  6 draconian knights
  9 deep elf sorcerers
  Louise (Elf:3)
  6 emperor scorpions (Spider:4)
  11 vault wardens
  5 draconian shifters
  3 ghost moths (Spider:4)
  12 frost giants
  A cacodemon (Depths:3)
  A deep elf elementalist (Elf:3)
  2 draconian stormcallers
  5 iron dragons
  A juggernaut skeleton (Depths:3)
  19 stone giants
  4 war gargoyles (Vaults:5)
  12 ironheart preservers
  11 draconian annihilators
  Nessos (D:12)
  9 deep elf demonologists
  3 caustic shrike skeletons (Depths:3)
  18 very ugly things
  9 yellow draconians
  3 vampire knights
  11 deep elf annihilators
  8 green draconians
  9 black draconians
  11 white draconians
  A dire elephant (Lair:6)
  4 bunyips
  3 entropy weavers
  5 spark wasps
  12 red draconians
  7 purple draconians
  An eidolon (Vaults:2)
  17 ettins
  4 eleionomae
  A merfolk javelineer (Depths:3)
  10 deep elf death magi
  A crystal guardian (Vaults:4)
  13 great orbs of eyes
  5 shambling mangroves
  2 jiangshi (Depths:1)
  4 deep elf high priests
  15 fire dragons
  14 ice dragons
  A monstrous demonspawn (Depths:3)
  Fannar (Lair:3)
  33 hydras
  5 rakshasas
  17 yaktaur captains
  25 vault guards
  5 spriggan air magi
  10 centaur warriors
  A death knight (D:12)
  Erica (D:8)
  8 boulder beetles
  A catoblepas (Lair:3)
  13 ogre magi
  7 alligators
  7 tengu warriors
  6 deep troll earth magi
  37 two-headed ogres
  6 deep troll shamans
  A thrashing horror (Abyss:4)
  4 spriggan berserkers
  30 dancing weapons
  4 orc high priests
  2 vampire magi
  Sonja (Orc:1)
  A hell knight (Abyss:4)
  2 soul eaters
  38 deep elf knights
  A sun demon (Depths:3)
  22 spriggans
  A sixfirhy (Abyss:4)
  A fire crab (shapeshifter) (Vaults:4)
  An iron troll (shapeshifter) (Vaults:5)
  2 titan skeletons (Depths:3)
  3 spatial maelstroms (Abyss:4)
  A shadow wraith (Vaults:5)
  A salamander mystic (Volcano)
  12 skeletal warriors (Depths:3)
  A wretched star (Abyss:4)
  3 iron trolls
  5 goliath frogs
  A storm dragon skeleton (Depths:3)
  3 glowing orange brains
  4 unseen horrors
  5 wizards
  12 swamp dragons
  43 deep trolls
  2 cherubim (D:15)
  4 bog bodies
  2 golden dragon skeletons (Depths:3)
  5 spriggan druids
  A sea snake (shapeshifter) (Vaults:4)
  Pikel (D:6)
  An obsidian statue (Vaults:1)
  2 flayed ghosts
  5 phantasmal warriors
  26 orc knights
  21 deep elf archers
  An orb spider (shapeshifter) (Vaults:2)
  11 ironbrand convokers
  4 harpies (Vaults:4)
  A mana viper (shapeshifter) (Depths:3)
  16 orb spiders
  A harpy (shapeshifter) (Depths:1)
  13 necromancers
  5 lindwurms
  A shadow dragon skeleton (Depths:3)
  29 ugly things
  11 large abominations
  20 wolf spiders
  4 sphinx skeletons (Depths:3)
  A tengu zombie (Vaults:4)
  30 moths of wrath
  11 cyclopes
  An oklob plant (Orc:1)
  7 salamanders
  77 deep elf magi
  7 orc sorcerers
  13 elephants
  3 tengu skeletons (Depths:3)
  2 worldbinders (Abyss:4)
  3 will-o-the-wisps
  4 manticores
  4 frost giant skeletons (Depths:3)
  2 ice statues (IceCv)
  6 black mambas
  An iron dragon skeleton (Depths:3)
  11 vault sentinels
  3 fire giant skeletons (Depths:3)
  A guardian serpent (D:13)
  A rust devil (Depths:3)
  2 smoke demons (Abyss:4)
  13 cane toads
  A water nymph (shapeshifter) (Vaults:2)
  Psyche (D:11)
  5 torpor snails (Lair:6)
  6 gargoyles
  A rime drake (shapeshifter) (Vaults:5)
  47 yaktaurs
  4 demonic crawlers
  14 komodo dragons
  2 yaktaur zombies (Vaults:2)
  6 rime drakes
  6 freezing wraiths
  A komodo dragon (shapeshifter) (D:15)
  2 elf skeletons (Depths:3)
  An ancient zyme (Abyss:4)
  A hellwing (Abyss:4)
  35 jumping spiders
  A meliai (D:11)
  10 polar bears
  14 tyrant leeches
  A queen bee (shapeshifter) (Vaults:5)
  7 tengu conjurers
  13 trolls
  2 meliai (shapeshifter)
  A troll (shapeshifter) (Vaults:4)
  36 slime creatures
  39 hornets
  Prince Ribbit (D:6)
  8 blink frogs
  8 raiju
  A frost giant simulacrum (Vaults:4)
  13 dream sheep
  An air elemental (Elf:1)
  2 spriggan skeletons (Depths:3)
  57 redbacks
  36 flying skulls
  A tarantella (shapeshifter) (Elf:3)
  7 starcursed masses (Abyss:4)
  3 wraiths
  2 shadows (D:11)
  13 tarantellas
  15 water elementals
  5 hogs (D:13)
  A ynoxinul (Depths:3)
  78 yaks
  4 wyverns
  5 vampires
  A fire elemental (Elf:2)
  3 fire bats (Abyss:4)
  A golden eye (Abyss:4)
  5 basilisks
  11 vampire mosquitoes
  A neqoxec (Abyss:4)
  2 spatial vortices (Abyss:4)
  9 wargs
  2 chaos spawn (Abyss:4)
  A harpy simulacrum (D:15)
  11 swamp worms
  An acid dragon (Zot:1)
  19 hell hounds
  9 water moccasins
  A naga (shapeshifter) (Vaults:2)
  2 hornet zombies (D:15)
  A sky beast (shapeshifter) (Vaults:2)
  48 orc warriors
  6 swamp drakes (Swamp:4)
  2 sky beasts
  9 ice beasts
  31 ogres
  14 black bears
  An ice beast (shapeshifter) (Depths:2)
  6 phantoms
  7 boggarts
  27 wolves
  5 centaurs
  A human skeleton (Vaults:4)
  4 big kobolds
  24 bullfrogs
  A human zombie (Vaults:2)
  Blork the orc (D:6)
  5 small abominations
  2 earth elementals
  A wyvern skeleton (D:14)
  5 scorpions
  A killer bee (shapeshifter) (Vaults:5)
  6 killer bees (D:13)
  8 howler monkeys
  24 wights
  2 electric eels
  3 centaur zombies
  2 crimson imps (Depths:3)
  4 human simulacra
  A bullfrog zombie (D:13)
  10 hounds
  3 quasits
  An iron imp (Depths:3)
  5 jellies
  24 orc wizards
  6 centaur skeletons
  19 orc priests
  A gnoll shaman (Orc:2)
  6 bullfrog skeletons
  3 iguanas
  Natasha (thrice) (D:3)
  4 hell rats (Lair:3)
  10 worker ants
  2 polar bear simulacra (Lair:6)
  2 yak simulacra (Lair:6)
  3 wolf simulacra (Lair:6)
  A hound skeleton (D:10)
  A worker ant zombie (D:8)
  Robin (D:3)
  10 gnolls
  A howler monkey skeleton (D:11)
  13 adders
  3 shadow imps
  15 white imps
  3 ufetubi
  7 oozes
  An adder skeleton (D:4)
  6 worms
  2 dart slugs
  5 leopard geckos
  126 orcs
  7 ball pythons
  6 giant cockroaches
  24 goblins
  16 hobgoblins
  2 jackals (D:5)
  4 quokkas
  A ball python skeleton (D:5)
  7 bats
  4 frilled lizards
  34 kobolds
  A quokka skeleton (D:5)
  7 rats
  4 river rat simulacra (Lair:6)
  4 crawling corpses (Elf:3)
  A lurking horror (Abyss:4)
  2 starspawn tentacles (Abyss:4)
2528 creatures vanquished.

Vanquished Creatures (collateral kills)
  Nikola (Spider:3)
  Rupert (D:13)
  A cyclops (D:13)
3 creatures vanquished.

Vanquished Creatures (others)
  A quicksilver dragon (Zot:4)
  A lich (Zot:1)
  A storm dragon (Zot:1)
  A frost giant (Zot:1)
  A draconian knight (Zot:5)
  A war gargoyle (Zot:1)
  2 deep elf high priests
  A deep elf knight (Elf:2)
  An orb spider (Spider:3)
  An ugly thing (IceCv)
  A bloated husk (Swamp:2)
  A slime creature (Depths:3)
  2 dream sheep (Lair:6)
  A redback (Spider:3)
  An orc priest (Orc:2)
  2 orcs (D:15)
  3 bushes (Lair:5)
  22 foxfires
  41 fungi
  81 plants
  6 starspawn tentacles (Abyss:4)
  2 withered plants (Elf:1)
174 creatures vanquished.

Grand Total: 2705 creatures vanquished

Notes
Turn   | Place    | Note
-------+----------+-------------------------------------------
     0 | D:1      | Dirian the Minotaur Fighter began the quest for the Orb.
     0 | D:1      | Reached XP level 1. HP: 19/19 MP: 0/0
     1 | D:1      | You fall into a shaft and drop 1 floor!
   227 | D:1      | Reached XP level 2. HP: 27/27 MP: 1/1
   543 | D:1      | Reached XP level 3. HP: 33/33 MP: 2/2
  1173 | D:2      | Reached XP level 4. HP: 39/40 MP: 3/3
  1744 | D:2      | Reached XP level 5. HP: 47/47 MP: 4/4
  2144 | D:3      | Noticed Natasha
  2147 | D:3      | Killed Natasha
  2148 | D:3      | Reached skill level 5 in Axes
  2169 | D:3      | Noticed Natasha
  2181 | D:3      | Killed Natasha
  2213 | D:3      | Noticed Natasha
  2219 | D:3      | Killed Natasha
  2657 | D:3      | Reached XP level 6. HP: 52/53 MP: 5/5
  2715 | D:3      | Noticed Robin
  2727 | D:3      | Killed Robin
  2728 | D:3      | Reached skill level 5 in Shields
  3082 | D:4      | Reached skill level 5 in Armour
  3600 | D:4      | Reached skill level 5 in Fighting
  3696 | D:4      | Reached XP level 7. HP: 48/61 MP: 6/6
  3943 | D:5      | Entered Level 5 of the Dungeon
  4197 | D:5      | Found a staircase to the Ecumenical Temple.
  4482 | D:5      | Found Sich's Book Shop.
  4917 | Temple   | Entered the Ecumenical Temple
  5004 | Temple   | Became a worshipper of Makhleb the Destroyer
  5043 | D:6      | Noticed Pikel
  5061 | D:6      | Killed Pikel
  5062 | D:6      | Reached XP level 8. HP: 57/70 MP: 7/7
  5371 | D:6      | Noticed Prince Ribbit
  5697 | D:6      | Killed Prince Ribbit
  5891 | D:6      | Reached XP level 9. HP: 39/78 MP: 8/8
  6119 | D:6      | Noticed Blork the orc
  6122 | D:6      | Killed Blork the orc
  7332 | D:7      | Reached skill level 10 in Axes
  7789 | D:8      | Found a broken altar of Ashenzari.
  7977 | D:8      | Noticed Erica
  7988 | D:8      | Killed Erica
  8089 | D:8      | Reached * piety under Makhleb
  8412 | D:8      | Reached XP level 10. HP: 86/86 MP: 9/9
  8854 | D:9      | Reached skill level 1 in Evocations
  9224 | D:9      | Found an ancient bone altar of Kikubaaqudgha.
  9240 | D:9      | Reached ** piety under Makhleb
  9406 | D:9      | Paralysed by a hornet for 3 turns
  9868 | D:10     | Entered Level 10 of the Dungeon
  9872 | D:10     | Found a staircase to the Lair.
  9875 | D:10     | Found a flagged portal.
  9877 | D:10     | Noticed a gargoyle
  9890 | D:10     | Killed a gargoyle
 10003 | D:10     | Noticed a six-headed hydra
 10005 | Bailey   | Entered a bailey
 10055 | Bailey   | Noticed an orc knight
 10082 | Bailey   | Killed an orc knight
 10083 | Bailey   | Reached skill level 10 in Shields
 10626 | D:10     | Killed a two-headed hydra
 10626 | D:10     | Reached *** piety under Makhleb
 10627 | D:10     | Reached skill level 10 in Armour
 10627 | D:10     | Reached XP level 11. HP: 48/95 MP: 10/10
 10864 | D:10     | Killed an unseen horror
 11443 | D:10     | Found a shimmering altar of Xom.
 11443 | D:10     | Found a shimmering altar of Xom.
 11443 | D:10     | Found a shimmering altar of Xom.
 11443 | D:10     | Found a shimmering altar of Xom.
 11444 | D:10     | Found a shimmering altar of Xom.
 11444 | D:10     | Found a shimmering altar of Xom.
 11677 | Lair:1   | Entered Level 1 of the Lair of Beasts
 11697 | Lair:1   | Noticed a seven-headed hydra
 11713 | Lair:1   | Killed a three-headed hydra
 11945 | Lair:1   | Reached skill level 1 in Long Blades
 12793 | Lair:2   | Reached skill level 5 in Evocations
 13031 | Lair:2   | Found a snail-covered altar of Cheibriados.
 13039 | Lair:2   | Noticed a five-headed hydra
 13288 | Lair:2   | Killed a three-headed hydra
 13289 | Lair:2   | Reached XP level 12. HP: 89/106 MP: 11/11
 13356 | Lair:2   | Reached **** piety under Makhleb
 13500 | Lair:2   | Found a staircase to the Swamp.
 13658 | Lair:2   | Reached skill level 10 in Fighting
 14125 | Lair:3   | Noticed a catoblepas
 14136 | Lair:3   | Killed a catoblepas
 14247 | Lair:3   | Reached skill level 5 in Long Blades
 14611 | Lair:3   | Noticed a six-headed hydra
 14625 | Lair:3   | Killed a two-headed hydra
 14831 | Lair:3   | Noticed Fannar
 14852 | Lair:3   | Killed Fannar
 15554 | Lair:4   | Noticed a four-headed hydra
 15566 | Lair:4   | Killed a one-headed hydra
 15567 | Lair:4   | Reached XP level 13. HP: 114/114 MP: 12/12
 15990 | Lair:4   | Reached ***** piety under Makhleb
 16003 | Lair:4   | Found a hole to the Spider Nest.
 16250 | Lair:4   | Reached skill level 15 in Axes
 16804 | Lair:5   | Found a frozen archway.
 16855 | IceCv    | Entered an ice cave
 16873 | IceCv    | Found a transporter.
 16893 | IceCv    | Found a transporter.
 18174 | Lair:6   | Entered Level 6 of the Lair of Beasts
 18208 | Lair:6   | Found a staircase to the Slime Pits.
 18215 | Lair:6   | Reached XP level 14. HP: 106/125 MP: 13/13
 18292 | Lair:6   | Found a dark tunnel.
 18308 | Volcano  | Entered a volcano
 18514 | Lair:6   | Reached XP level 15. HP: 133/133 MP: 13/18
 18947 | Lair:6   | Reached ****** piety under Makhleb
 19678 | Lair:6   | Found a runed translucent door.
 19953 | Lair:6   | Paralysed by a hornet for 2 turns
 19958 | Lair:6   | Paralysed by a hornet for 1 turns
 20457 | Lair:6   | Paralysed by a hornet for 1 turns
 20713 | Lair:6   | Identified a scroll of acquirement
 20894 | D:11     | Noticed Psyche
 20902 | D:11     | Killed Psyche
 21249 | D:11     | Got a fine chain mail
 21999 | D:11     | Reached XP level 16. HP: 144/144 MP: 19/19
 22066 | D:11     | Identified the +9 chain mail of Gravity {rPois Regen+ Str-2
                  | SInv} (You found it on level 11 of the Dungeon)
 22463 | D:12     | Found a roughly hewn altar of Beogh.
 22850 | D:12     | Found a staircase to the Orcish Mines.
 23067 | D:12     | Noticed Nessos
 23106 | D:12     | Killed Nessos
 23240 | Orc:1    | Entered Level 1 of the Orcish Mines
 23500 | Orc:1    | Noticed Sonja
 23507 | Orc:1    | Killed Sonja
 23843 | Orc:2    | Entered Level 2 of the Orcish Mines
 23894 | Orc:2    | Reached skill level 10 in Evocations
 24264 | Orc:2    | Found a staircase to the Elven Halls.
 24326 | Orc:2    | Found a roughly hewn altar of Beogh.
 24477 | Orc:2    | Found Ybibrawe's Distillery.
 24477 | Orc:2    | Found Neseb's Armour Boutique.
 24479 | Orc:2    | Found Muhajoff's General Store.
 24479 | Orc:2    | Found Qameipp's Magic Scroll Shoppe.
 24487 | Orc:2    | Bought a potion of heal wounds for 75 gold pieces
 24490 | Orc:2    | Bought a potion of haste for 180 gold pieces
 24490 | Orc:2    | Bought 2 potions of heal wounds for 180 gold pieces
 24490 | Orc:2    | Bought a potion of heal wounds for 90 gold pieces
 24490 | Orc:2    | Bought a potion of might for 72 gold pieces
 24490 | Orc:2    | Bought a potion of curing for 54 gold pieces
 24763 | D:13     | Found a transporter.
 24763 | D:13     | Noticed Ined's ghost (journeyman MiBe)
 24779 | D:13     | Found a gate to the Vaults.
 24797 | D:13     | Noticed Rupert
 24830 | D:13     | Killed Rupert
 24888 | D:13     | Found a transporter.
 25099 | D:13     | Noticed Kirke
 25140 | D:13     | Killed Kirke
 25236 | D:13     | Got a glittering silver amulet
 25263 | D:13     | Reached skill level 15 in Shields
 25497 | D:13     | Identified the amulet "Amezacw" {+Fly rC+ Regen+ Int+4}
                  | (You found it on level 13 of the Dungeon)
 26200 | D:15     | Entered Level 15 of the Dungeon
 26245 | D:15     | Identified the +1 robe "Fiss" {*Slow Dex+4}
 26272 | D:15     | Found a portal to a secret trove of treasure.
 26835 | D:15     | Reached XP level 17. HP: 154/154 MP: 21/21
 26874 | D:15     | Found a staircase to the Depths.
 27473 | Swamp:1  | Entered Level 1 of the Swamp
 28055 | Swamp:2  | Reached skill level 15 in Fighting
 28085 | Swamp:2  | Noticed Aizul
 28103 | Swamp:2  | Killed Aizul
 28822 | Swamp:3  | Noticed Jorgrun
 28842 | Swamp:3  | Killed Jorgrun
 29329 | Swamp:4  | Entered Level 4 of the Swamp
 29401 | Swamp:4  | Reached skill level 15 in Armour
 29420 | Swamp:4  | Reached XP level 18. HP: 168/168 MP: 24/24
 29526 | Swamp:4  | Reached skill level 10 in Invocations
 29558 | Swamp:4  | Got a decaying rune of Zot
 29675 | Swamp:4  | Paralysed by a wizard for 7 turns
 30153 | Spider:1 | Entered Level 1 of the Spider Nest
 30936 | Spider:2 | Paralysed by a hornet for 1 turns
 31272 | Spider:3 | Noticed Arachne
 31299 | Spider:3 | Killed Arachne
 31650 | Spider:3 | Noticed Nikola
 31678 | Spider:3 | Killed Nikola
 32027 | Spider:4 | Entered Level 4 of the Spider Nest
 32619 | Spider:4 | Reached XP level 19. HP: 182/182 MP: 2/26
 32762 | Spider:4 | Got a gossamer rune of Zot
 33154 | Elf:1    | Entered Level 1 of the Elven Halls
 33282 | Elf:1    | Noticed a Tzitzimitl
 33791 | Elf:1    | Found a runed translucent door.
 33791 | Elf:1    | Noticed Gerad's ghost (veteran VSAK)
 34200 | Elf:1    | Found a runed translucent gate.
 34200 | Elf:1    | Found a runed translucent gate.
 34200 | Elf:1    | Found a runed translucent gate.
 34200 | Elf:1    | Found a runed translucent gate.
 34200 | Elf:1    | Found a runed translucent gate.
 34201 | Elf:1    | Found a runed translucent gate.
 34453 | Elf:1    | Killed Gerad's ghost
 34997 | Elf:2    | Found a runed translucent gate.
 34997 | Elf:2    | Found a runed translucent gate.
 35002 | Elf:2    | Found a runed translucent gate.
 35742 | Elf:2    | Cast into level 4 of the Abyss (+1 short sword of
                  | distortion)
 35834 | Abyss:4  | Reached XP level 20. HP: 188/198 MP: 28/28
 36152 | Abyss:4  | Noticed a bone dragon
 36169 | Abyss:4  | Killed a bone dragon
 36176 | Elf:2    | Escaped the Abyss
 36425 | Elf:3    | Entered Level 3 of the Elven Halls
 36468 | Elf:3    | Noticed Bai Suzhen
 36486 | Elf:3    | Killed Bai Suzhen
 36723 | Elf:3    | Found Hafriky's Weapon Emporium.
 36724 | Elf:3    | Found Tuihitzo's Weapon Emporium.
 36728 | Elf:3    | Found Jocid's Jewellery Emporium.
 37057 | Elf:3    | Bought an uncursed amulet of regeneration for 450 gold
                  | pieces
 37057 | Elf:3    | Bought an uncursed ring of protection from fire for 375
                  | gold pieces
 37154 | Elf:3    | Noticed Louise
 37297 | Elf:3    | Identified the +6 short sword of the Ninety-Nine Tales
                  | {pain, Int+2 Stlth+}
 37297 | Elf:3    | Identified the ring "Horche Seobb" {+Fly rElec rF+ rN+}
 37335 | Elf:3    | Killed Louise
 37361 | Elf:3    | Identified the ring "Solyd" {Will+ Int+5}
 37548 | Elf:3    | Found the +3 crown of Dyrovepreva {rElec Int+2 SInv}
 37976 | Vaults:1 | Entered Level 1 of the Vaults
 38086 | Vaults:1 | Reached XP level 21. HP: 212/212 MP: 30/30
 39041 | Vaults:1 | Got a vibrating granite ring
 39043 | Vaults:1 | Identified the ring of Cergh {Str+6 Dex+2} (You found it on
                  | level 1 of the Vaults)
 39261 | Vaults:2 | Found a staircase to the Crypt.
 39414 | Vaults:2 | Found Kuetreyt's Antique Armour Shop.
 39864 | Vaults:2 | Paralysed by a great orb of eyes for 4 turns
 40590 | Vaults:3 | Found Inaofion's Magic Scroll Boutique.
 40598 | Vaults:3 | Bought a scroll of immolation for 59 gold pieces
 40598 | Vaults:3 | Bought a scroll of blinking for 127 gold pieces
 40598 | Vaults:3 | Bought a scroll of brand weapon for 340 gold pieces
 40598 | Vaults:3 | Bought a scroll of magic mapping for 59 gold pieces
 40872 | Vaults:3 | Reached XP level 22. HP: 223/223 MP: 31/31
 41949 | Vaults:4 | Found Aplauq's Assorted Antiques.
 42000 | Vaults:4 | Bought a scroll of enchant weapon for 292 gold pieces
 42684 | Vaults:5 | Entered Level 5 of the Vaults
 42697 | Vaults:5 | Reached skill level 15 in Invocations
 42768 | Vaults:5 | Reached XP level 23. HP: 140/234 MP: 33/33
 42924 | Vaults:5 | Noticed Xtahua
 42930 | Vaults:5 | Noticed an ancient lich
 42940 | Vaults:5 | Killed an ancient lich
 42943 | Vaults:5 | Killed Xtahua
 43320 | Vaults:5 | Identified the Compendium of Domination
 43906 | Vaults:5 | Got a silver rune of Zot
 44243 | Depths:1 | Entered Level 1 of the Depths
 44288 | Depths:1 | Found a corrupted altar of Lugonu.
 44288 | Depths:1 | Found a one-way gate to the infinite horrors of the Abyss.
 44490 | Depths:1 | Reached XP level 24. HP: 245/245 MP: 33/33
 44535 | Depths:1 | Found Sulatt's Gadget Emporium.
 44535 | Depths:1 | Found Couwk's Jewellery Boutique.
 44536 | Depths:1 | Found Xohemm's Jewellery Boutique.
 44543 | Depths:1 | Bought a wand of digging (4) for 256 gold pieces
 44634 | Depths:1 | Found a glowing golden altar of the Shining One.
 44637 | Depths:1 | Found a gateway to Hell.
 44877 | Depths:1 | Acquired 890 gold pieces
 44971 | Depths:2 | Found a runed translucent door.
 44997 | Depths:2 | Found a runed translucent door.
 45004 | Depths:2 | Found a runed translucent door.
 45012 | Depths:2 | Found a runed translucent door.
 45057 | Depths:2 | Got a steaming lead ring
 45076 | Depths:2 | Identified the Compendium of Calling
 45107 | Depths:2 | Noticed a juggernaut
 45117 | Depths:2 | Killed a juggernaut
 45118 | Depths:2 | Identified the ring "Evim" {Fire +Blink Str+2 Dex-2} (You
                  | found it on level 2 of the Depths)
 45183 | Depths:2 | Got crude fire dragon scales
 45193 | Depths:2 | Identified the cursed +0 fire dragon scales of Going Fast
                  | {rElec rPois rF++ rC- Will-} (You found it on level 2 of
                  | the Depths)
 45649 | Depths:2 | Found an iron altar of Okawaru.
 46465 | Depths:3 | Gained mutation: You occasionally shout uncontrollably at
                  | your foes. [a cacodemon]
 46538 | Depths:3 | Found a gateway to a ziggurat.
 46595 | Depths:3 | Found a one-way gate leading to the halls of Pandemonium.
 46941 | Depths:3 | Reached XP level 25. HP: 248/255 MP: 33/33
 48056 | Depths:5 | Entered Level 5 of the Depths
 48147 | Depths:5 | Found a gate to the Realm of Zot.
 48200 | Depths:5 | Found a sparkling altar of Nemelex Xobeh.
 48471 | Depths:5 | Reached skill level 27 in Fighting
 48845 | Zot:1    | Entered Level 1 of the Realm of Zot
 48923 | Zot:1    | Noticed an ancient lich
 48948 | Depths:5 | Killed an ancient lich
 48949 | Depths:5 | Reached XP level 26. HP: 194/266 MP: 33/33
 49201 | Zot:1    | Noticed an ancient lich
 49217 | Zot:1    | Killed an ancient lich
 50072 | Zot:2    | Noticed an orb of fire
 50080 | Zot:2    | Gained mutation: Your spells are a little easier to cast,
                  | but a little less powerful. [an orb of fire]
 50087 | Zot:2    | Gained mutation: You are weak. (Str -2) [an orb of fire]
 50090 | Zot:2    | Killed an orb of fire
 50329 | Zot:2    | You fall into a shaft and drop 2 floors!
 51704 | Zot:4    | Noticed an orb of fire
 51704 | Zot:4    | Gained mutation: Scrolls take you a little longer to read.
                  | [an orb of fire]
 51706 | Zot:4    | Gained mutation: You do not regenerate when monsters are
                  | visible. [an orb of fire]
 51709 | Zot:4    | Gained mutation: You are very weak. (Str -4) [an orb of
                  | fire]
 51732 | Zot:3    | Lost mutation: Your spells are a little easier to cast, but
                  | a little less powerful. [an orb of fire]
 51736 | Zot:3    | Killed an orb of fire
 51861 | Zot:4    | Reached skill level 15 in Evocations
 51936 | Zot:4    | Reached XP level 27. HP: 259/273 MP: 33/33
 52429 | Zot:4    | Noticed an ancient lich
 52436 | Zot:4    | Killed an ancient lich
 52776 | Zot:5    | Entered Level 5 of the Realm of Zot
 53368 | Zot:5    | Noticed an ancient lich
 53383 | Zot:5    | Killed an ancient lich
 53442 | Zot:5    | Noticed an orb of fire
 53444 | Zot:5    | Gained mutation: Scrolls take you longer to read. [an orb
                  | of fire]
 53448 | Zot:5    | Gained mutation: You are occasionally teleported next to
                  | monsters. [an orb of fire]
 53458 | Zot:5    | Killed an orb of fire
 53475 | Zot:5    | Noticed an orb of fire
 53476 | Zot:5    | Gained mutation: Your magical capacity is low. (-10% MP)
                  | [an orb of fire]
 53488 | Zot:5    | Killed an orb of fire
 53489 | Zot:5    | Noticed an orb of fire
 53493 | Zot:5    | Noticed an ancient lich
 53493 | Zot:5    | Noticed an ancient lich
 53496 | Zot:5    | Noticed an ancient lich
 53506 | Zot:5    | Killed an ancient lich
 53508 | Zot:5    | Killed an ancient lich
 53512 | Zot:5    | Killed an ancient lich
 53514 | Zot:5    | Gained mutation: Scrolls take you much longer to read. [an
                  | orb of fire]
 53516 | Zot:5    | Gained mutation: You sometimes yell uncontrollably at your
                  | foes. [an orb of fire]
 53517 | Zot:5    | Killed an orb of fire
 53531 | Zot:5    | Noticed an orb of fire
 53537 | Zot:5    | Reached skill level 27 in Axes
 53537 | Zot:5    | Noticed an ancient lich
 53539 | Zot:5    | Noticed an orb of fire
 53541 | Zot:5    | Gained mutation: Your magical capacity is very low. (-20%
                  | MP) [an orb of fire]
 53542 | Zot:5    | Noticed an orb of fire
 53548 | Zot:5    | Gained mutation: Your magical capacity is extremely low.
                  | (-30% MP) [an orb of fire]
 53552 | Zot:5    | Gained mutation: You are dopey. (Int -2) [an orb of fire]
 53554 | Zot:5    | Gained mutation: You are frail. (-10% HP) [an orb of fire]
 53558 | Zot:5    | Noticed an ancient lich
 53561 | Zot:5    | Gained mutation: You frequently scream uncontrollably at
                  | your foes. [an orb of fire]
 53567 | Zot:5    | Killed from afar by an ancient lich

Illustrated notes

Levels and vault maps discovered:
D:1:      lemuel_arrival_river_ford, layout_loops_ring, grunt_decor_one_mirror,
          chequers_mini_garden
D:2:      layout_loops_ring, minmay_shallow_snake_nest
D:3:      layout_basic, minmay_fractal_squares_5, uniq_robin, uniq_natasha
D:4:      layout_rooms
D:5:      kennysheep_spiral_hall, layout_loops_ring,
          minmay_temple_entry_butterflies, serial_shops, shop
D:6:      layout_loops_ring, kennysheep_boxes, uniq_prince_ribbit1,
          uniq_blork_the_orc, uniq_pikel
D:7:      layout_cave_pools
D:8:      layout_rooms, serial_glass, glass_columns_b, glass_columns_a,
          item_on_display_a, minmay_strange_pillars, due_unseen_surprise,
          minmay_strange_pillars, nicolae_ashenzari_panopticon, uniq_erica
D:9:      layout_roguey, general_overflow_altar
D:10:     layout_irregular_city, lair_entry_dummy, enter_bailey_5,
          xom_shifter_show
D:11:     minmay_the_grid_octo_tiled_squarecenter [minmay_the_grid_octo_toaster,
          minmay_the_grid_octo_teeth, minmay_the_grid_octo_checkerflower,
          minmay_the_grid_octo_focus,
          minmay_the_grid_square_5x5_megaprize_crossed,
          minmay_the_grid_square_5x5_two_walls_a,
          minmay_the_grid_square_5x5_slash, minmay_the_grid_square_5x5_mess,
          minmay_the_grid_square_5x5_moneybag], layout_cave_pods, uniq_psyche
D:12:     layout_loops_corners, david_orc_5, uniq_nessos
D:13:     hourglass_vault, layout_rooms, david_vaults_2, gammafunk_ghost_arena,
          serial_bayou_pond_c, minmay_statues_item,
          nrook_guardian_serpent_ordinary, uniq_rupert, uniq_kirke
D:14:     layout_basic, chequers_serial_rivers_room_b
D:15:     hangedman_depths_entry_try_elsewhere_first, layout_loops_corners,
          nicolae_trove_entry_free_sample, minivault_24, pf_eden
Temple:   grunt_wide_crystal_templ
Lair:1:   layout_gridlike, lemuel_fruit_tree, grunt_megastairs_1
Lair:2:   layout_roguey, minmay_swamp_entry_swarm, basic_altar,
          chequers_serial_rivers_large_a
Lair:3:   layout_layer_cave, minivault_27, grunt_megastairs_3,
          lemuel_fruit_fields, uniq_fannar
Lair:4:   layout_cave_pods, nicolae_spider_entry_tight_spaces,
          grunt_megastairs_5
Lair:5:   layout_gridlike, portal_ice_cave_entry_imps, grunt_megastairs_4
Lair:6:   wormcave, layout_layer_cave, hangedman_lair_caniforms_friends,
          nicolae_slime_entry_slimehenge, enter_volcano_1,
          eino_house_with_fridge
Swamp:1:  layout_basic_swamp, evilmike_swamp_ruin_house_4
Swamp:2:  layout_basic_swamp, evilmike_swamp_ruin_house_1, uniq_aizul
Swamp:3:  layout_basic_swamp, nicolae_swamp_treefoil, nzn_swamp_stair_ambush,
          uniq_jorgrun
Swamp:4:  swamp_alternative, layout_basic_swamp, grunt_witch_cave
Spider:1: layout_spider_delve
Spider:2: layout_spider_delve
Spider:3: layout_spider_delve, uniq_nikola, uniq_arachne
Spider:4: grunt_spider_rune_circles
Orc:1:    layout_caves, mines3_lemuel, uniq_sonja
Orc:2:    grunt_orc_tribal_feast, layout_caves, basic_altar
Elf:1:    elf_arrival_001, layout_geoelf_octagon, gammafunk_ghost_grave,
          orc_legates, amcnicky_mini_rare_corridor_liquid
Elf:2:    layout_rooms, serial_glass, glass_columns_b, glass_columns_a
Elf:3:    minmay_elf_hall_statues, layout_loops_cross, serial_shops,
          nicolae_shop_statue_plus, minmay_shop_star, uniq_bai_suzhen,
          uniq_louise
Vaults:1: vaults_room_pool, nicolae_vaults_ninety_degrees,
          nicolae_vaults_network_s, nicolae_vaults_bisected_inception,
          v_pattern_3, v_misc_10, nicolae_vaults_statue_guard,
          nicolae_vaults_network_star, nicolae_vaults_puzzle_piece,
          ontoclasm_vaults_decontamination, layout_vaults_ring
Vaults:2: nicolae_vaults_border_crossing, nicolae_vaults_puzzle_piece,
          v_alt_pattern_3, minmay_crypt_entry_simple_statues, v_alt_pattern_1,
          ontoclasm_vaults_ring_large, nicolae_vaults_disjoint_gnomons,
          hangedman_vaults_river_flow, hangedman_vaults_trim,
          nicolae_vaults_little_squares_2, v_misc_12,
          nicolae_vaults_display_case, nicolae_vaults_rhombus_5,
          nicolae_vaults_little_squares_1, v_alt_pattern_4,
          layout_vaults_omnibox, serial_shops, shop
Vaults:3: grunt_vaults_twisty, v_alt_pattern_6, vaults_mumra_hex,
          nicolae_vaults_yaktaur_gun_rack, v_alt_pattern_3,
          vaults_standard_mumra_enter_the_diamond, v_misc_26,
          grunt_vaults_hallway_short, layout_vaults_quadrants, serial_shops,
          shop
Vaults:4: nicolae_vaults_rhombus_7, vaults_dpeg_diagonal,
          nicolae_vaults_network_barrier, vaults_standard_mumra_x, v_pattern_1,
          vaults_room_fancy_cross, v_misc_22, vaults_room_corners,
          hangedman_vaults_stretched_pinwheel, vaults_dpeg_ring,
          nicolae_vaults_mini_display_case, v_misc_25, nicolae_vaults_theta,
          nicolae_vaults_what_the_h, ontoclasm_vaults_ligature,
          layout_vaults_omnicross, serial_shops, nicolae_shop_overgrown_old_shop
Vaults:5: uniq_xtahua
Depths:1: layout_cave_shapes, hell_entry, tso_metal_star,
          abyss_entry_flame_altar, minmay_starry_boxes, minmay_shop_grove
Depths:2: impenetrable_vault, layout_honeycomb, hell_entry,
          okawaru_ov_weapons_minmay, evilmike_butchery,
          infiniplex_staircase_pool_2, serial_bayou_shore_b,
          serial_bayou_shore_a
Depths:3: minmay_skeleton_keep, layout_basic, enter_ziggurat_f,
          hangedman_coc_ice_floe, amcnicky_mini_pool_small,
          grunt_pan_entry_in_and_out, minmay_staircase_bubble
Depths:4: kennysheep_funnel, layout_honeycomb, abyss_entry,
          chequers_serial_rivers_micro_d, hell_entry,
          hangedman_decor_peaks_small, infiniplex_staircase_star,
          serial_bayou_shore_b, grunt_megastairs_2
Depths:5: grunt_zot_entry_funnels, layout_cave_pools, hell_entry,
          nemelex_xobeh_ov_fountains_minmay, serial_bayou_shore_b
Zot:1:    hangedman_zot_vaults_quadrants, layout_concentric_octagons,
          st_small_dragon_hoard_2, st_stairs_5
Zot:2:    layout_gridlike
Zot:3:    layout_gridlike
Zot:4:    layout_onion_interference, hangedman_zot_diagonal_lockstep,
          lemuel_lich_library
Zot:5:    layout_cathedral_of_symmetry

Skill      XL: |  1  2  3  4  5  6  7  8  9 10 11 12 13 14 15 16 17 18 19 20 21 22 23 24 25 26 27 |
---------------+----------------------------------------------------------------------------------+-----
Armour         | 4 5 6 7 9 10 11 12 13 15 16 17 18 19 20 21 | 21.8
Fighting       | 4 5 6 7 8 9 10 11 12 13 14 16 19 21 23 24 25 26 27 | 27.0
Shields        | 4 5 6 7 8 10 11 12 13 14 15 16 17 18 20 22 23 26 | 26.4
Axes           | 3 4 5 6 8 9 11 12 13 14 15 16 17 19 20 21 22 23 24 25 27 | 27.0
Evocations     | 3 5 6 8 9 10 11 12 13 15 | 15.0
Long Blades    | 3 6 |  6.0
Invocations    | 6 7 9 11 12 13 14 15 | 15.1

Action                   |  1- 3 |  4- 6 |  7- 9 | 10-12 | 13-15 | 16-18 | 19-21 | 22-24 | 25-27 || total
-------------------------+-------+-------+-------+-------+-------+-------+-------+-------+-------++-------
Melee: War axe           |    95 |   181 |   288 |   549 |   339 |       |       |       |       ||  1452
       Headbutt          |    11 |    28 |    44 |   129 |   187 |   369 |   311 |   306 |   313 ||  1698
       Scimitar          |       |       |       |    32 |    21 |       |       |       |       ||    53
       Broad axe         |       |       |       |       |   462 |  1551 |  1354 |  1117 |  1190 ||  5674
Invok: Lesser Servant of |       |       |       |       |       |     4 |       |       |       ||     4
Evoke: Wand              |       |       |       |     2 |       |       |     1 |       |       ||     3
  Use: Potion            |       |     1 |     2 |     6 |     5 |     4 |     3 |       |       ||    21
       Scroll            |       |     7 |     5 |    14 |    11 |    15 |     5 |    16 |     7 ||    80
 Stab: Distracted        |       |       |       |     2 |     3 |       |       |       |       ||     5
       Invisible         |       |       |       |       |       |     5 |       |       |       ||     5
       Confused          |       |       |       |       |       |       |       |     2 |       ||     2
Armor: Scale mail        |    40 |    64 |       |       |       |       |       |       |       ||   104
       Chain mail        |       |    19 |   105 |   240 |   326 |   628 |   331 |       |       ||  1649
       Ice dragon scales |       |       |       |       |    15 |       |       |       |       ||    15
       Fire dragon scale |       |       |       |       |     7 |       |       |       |       ||     7
       Gold dragon scale |       |       |       |       |       |       |   224 |   623 |   527 ||  1374
Dodge: Dodged            |    22 |    47 |    58 |   154 |   234 |   346 |   237 |   155 |   154 ||  1407
Block: Kite shield       |    43 |   124 |   143 |   466 |   561 |  1095 |   719 |   368 |       ||  3519
       Tower shield      |       |       |       |       |       |       |       |   734 |  1403 ||  2137
       Rpst.: Scimitar   |       |       |       |     2 |     2 |       |       |       |       ||     4
